[Event "WSTCC-65 2020"]
[Site "Prague"]
[Date "2020.03.10"]
[Round "5.16"]
[White "Schrickx, Frank"]
[Black "Gruzmann, Boris"]
[Result "1/2-1/2"]
[ECO "C68"]
[WhiteElo "1826"]
[BlackElo "2206"]
[Annotator "ChessBase"]
[PlyCount "84"]
[EventDate "2020.03.06"]
[EventType "team-tourn"]
[EventCountry "CZE"]
[SourceTitle "playchess.com"]
[Source "ChessBase"]
[SourceQuality "1"]
[TimeControl "40/5400+30:1800+30"]

1. e4 e5 2. Nf3 Nc6 3. Bb5 a6 4. Bxc6 dxc6 5. O-O Bg4 6. h3 h5 7. d3 Qf6 8. Be3 Bxf3 9. Qxf3 Qxf3 10. gxf3 Bd6 11. Nd2 Ne7 12. Nc4 Ng6 13. Nxd6+ cxd6 14. Kh2 O-O-O 15. Rg1 d5 16. a4 Rh7 17. Rg3 Re8 18. Rag1 Re6 19. Kh1 Kc7 20. a5 d4 21. Bd2 c5 22. b3 Kc6 23. Bc1 Kb5 24. Bd2 Rc6 25. Kg2 Nf8 26. Kf1 Ne6 27. Ke2 h4 28. Rg4 f6 29. Rg6 Rc7 30. R6g4 g5 31. Ra1 Nd8 32. Rg2 Rhg7 33. Rag1 Rce7 34. Rg4 Nc6 35. Ra1 Nb4 36. Kd1 Rgf7 37. Rg1 Rf8 38. Kc1 Nc6 39. Kd1 Nd8 40. Ke2 Ne6 41. Bc1 Rg7 42. Bd2 Rfg8 1/2-1/2

[Event "WSTCC-65 2020"]
[Site "Prague"]
[Date "2020.03.10"]
[Round "5.18"]
[White "Maryasin, Boris"]
[Black "Ager, Josef"]
[Result "1-0"]
[ECO "C49"]
[WhiteElo "2305"]
[BlackElo "2139"]
[Annotator "ChessBase"]
[PlyCount "71"]
[EventDate "2020.03.06"]
[EventType "team-tourn"]
[EventCountry "CZE"]
[SourceTitle "playchess.com"]
[Source "ChessBase"]
[SourceQuality "1"]
[TimeControl "40/5400+30:1800+30"]

1. e4 e5 2. Nf3 Nc6 3. Nc3 Nf6 4. Bb5 Bb4 5. O-O O-O 6. d3 d6 7. Ne2 Ne7 8. c3 Ba5 9. d4 c6 10. Bd3 Bc7 11. Ng3 Ng6 12. Re1 Re8 13. Be3 a5 14. h3 b6 15. Qc2 Ba6 16. Bxa6 Rxa6 17. Rad1 Qb8 18. dxe5 dxe5 19. Bg5 Re6 20. Nf5 h6 21. Bxh6 gxh6 22. Nxh6+ Kg7 23. Nf5+ Kf8 24. Ng5 Qe8 25. Nxe6+ fxe6 26. Nd6 Qe7 27. Qd2 Kg7 28. Re3 Ra8 29. Rg3 Nh5 30. Rd3 Nf6 31. Qg5 Bxd6 32. Rxd6 Nxe4 33. Qxe7+ Nxe7 34. Rxe6 Kf7 35. Rxe5 Nf6 36. Rd6 1-0

[Event "WSTCC-65 2020"]
[Site "Prague"]
[Date "2020.03.10"]
[Round "5.19"]
[White "Mira, Helene"]
[Black "Shevelev, Arkady"]
[Result "1/2-1/2"]
[ECO "A46"]
[WhiteElo "2092"]
[BlackElo "2278"]
[Annotator "ChessBase"]
[PlyCount "62"]
[EventDate "2020.03.06"]
[EventType "team-tourn"]
[EventCountry "CZE"]
[SourceTitle "playchess.com"]
[Source "ChessBase"]
[SourceQuality "1"]
[TimeControl "40/5400+30:1800+30"]

1. d4 Nf6 2. Nf3 d5 3. c4 c5 4. cxd5 cxd4 5. Qa4+ Qd7 6. Qxd4 Qxd5 7. Nc3 Qxd4 8. Nxd4 a6 9. g3 e5 10. Nb3 Bd7 11. Bg2 Bc6 12. O-O Bb4 13. Bd2 Bxg2 14. Kxg2 Nc6 15. a3 Be7 16. Bg5 O-O-O 17. Rfd1 Rxd1 18. Rxd1 Rd8 19. Rxd8+ Bxd8 20. Bxf6 Bxf6 21. Nd5 Bd8 22. e4 b6 23. Nd2 Kd7 24. Kf3 b5 25. Ke3 Kd6 26. Kd3 Ne7 27. Nxe7 Kxe7 28. b4 a5 29. Nb1 Kd6 30. Nc3 Kc6 31. Nd5 a4 1/2-1/2

[Event "WSTCC-65 2020"]
[Site "Prague"]
[Date "2020.03.10"]
[Round "5.20"]
[White "Lederman, Leon"]
[Black "Danner, Lambert"]
[Result "1-0"]
[ECO "B07"]
[WhiteElo "2234"]
[BlackElo "2022"]
[Annotator "ChessBase"]
[PlyCount "81"]
[EventDate "2020.03.06"]
[EventType "team-tourn"]
[EventCountry "CZE"]
[SourceTitle "playchess.com"]
[Source "ChessBase"]
[SourceQuality "1"]
[TimeControl "40/5400+30:1800+30"]

1. e4 d6 2. d4 Nf6 3. Nc3 Nbd7 4. f4 e5 5. Nf3 exd4 6. Qxd4 c6 7. Be3 d5 8. e5 Bc5 9. Qd2 Bxe3 10. Qxe3 Ng4 11. Qd4 Qb6 12. h3 Qxd4 13. Nxd4 Ne3 14. Kd2 Nxf1+ 15. Rhxf1 O-O 16. Rae1 Nc5 17. f5 Re8 18. g4 a5 19. b3 Bd7 20. a3 Rad8 21. Rf4 Bc8 22. b4 axb4 23. axb4 Nd7 24. e6 Nb6 25. exf7+ Kxf7 26. Ne6 Bxe6 27. fxe6+ Kg6 28. Rf7 Rd6 29. Rxb7 Nc4+ 30. Kd3 Rdxe6 31. Rxe6+ Rxe6 32. Rc7 Re3+ 33. Kd4 Rxh3 34. Rxc6+ Kg5 35. Nxd5 Na3 36. Rc5 Kxg4 37. b5 Rh1 38. Nb4 Rd1+ 39. Kc3 Rb1 40. b6 Nxc2 41. Rc4+ 1-0

[Event "WSTCC-65 2020"]
[Site "Prague"]
[Date "2020.03.10"]
[Round "5.27"]
[White "Krauseneck, Peter"]
[Black "Moen, Ole Christian"]
[Result "1-0"]
[ECO "A45"]
[WhiteElo "2126"]
[BlackElo "2192"]
[Annotator "ChessBase"]
[PlyCount "87"]
[EventDate "2020.03.06"]
[EventType "team-tourn"]
[EventCountry "CZE"]
[SourceTitle "playchess.com"]
[Source "ChessBase"]
[SourceQuality "1"]
[TimeControl "40/5400+30:1800+30"]

1. d4 Nf6 2. e3 g6 3. f4 Bg7 4. Nf3 d5 5. Bd3 O-O 6. O-O b6 7. Qe2 a5 8. c4 e6 9. b3 a4 10. bxa4 Rxa4 11. Nc3 Rxc4 12. Bxc4 dxc4 13. Rd1 Ba6 14. a4 Nc6 15. Ne5 Na5 16. Rb1 Qa8 17. Ba3 Rc8 18. e4 Bb7 19. Re1 Ne8 20. Bb4 Nd6 21. Nf3 c5 22. dxc5 bxc5 23. Bxa5 Qxa5 24. e5 Qxc3 25. exd6 Bd5 26. Ne5 Rd8 27. Rb6 Qd4+ 28. Qf2 c3 29. a5 Bf8 30. d7 f6 31. Nc6 Qxf2+ 32. Kxf2 Rxd7 33. Rc1 c4 34. Kf1 Bc5 35. Rb8+ Kf7 36. Rc8 Bd6 37. Rxc3 Bc7 38. Nb8 Bxa5 39. Ra3 Bb4 40. Nxd7 Bxa3 41. Nb6 Bd6 42. g3 Bb7 43. Rd8 Ke7 44. Rd7+ 1-0

[Event "WSTCC-65 2020"]
[Site "Prague"]
[Date "2020.03.10"]
[Round "5.28"]
[White "Kristiansen, Erling"]
[Black "Seibold, Hubert"]
[Result "0-1"]
[ECO "B38"]
[WhiteElo "2123"]
[BlackElo "2123"]
[Annotator "ChessBase"]
[PlyCount "84"]
[EventDate "2020.03.06"]
[EventType "team-tourn"]
[EventCountry "CZE"]
[SourceTitle "playchess.com"]
[Source "ChessBase"]
[SourceQuality "1"]
[TimeControl "40/5400+30:1800+30"]

1. e4 c5 2. Nf3 Nc6 3. d4 cxd4 4. Nxd4 g6 5. c4 Bg7 6. Be3 Nf6 7. f3 O-O 8. Nc3 d6 9. Be2 Bd7 10. Rc1 Nxd4 11. Bxd4 a5 12. a4 Bc6 13. O-O Nd7 14. Bxg7 Kxg7 15. Qd4+ Kg8 16. Nb5 Qb6 17. b3 Bxb5 18. Qxb6 Nxb6 19. cxb5 Rfc8 20. Kf2 Kf8 21. Ke3 Nd7 22. f4 e6 23. Bf3 Rc5 24. Rxc5 Nxc5 25. Rb1 Ke7 26. Kd4 b6 27. e5 dxe5+ 28. fxe5 Rd8+ 29. Kc4 Nd3 30. Kc3 Nxe5 31. Be2 Rc8+ 32. Kd4 Nd7 33. b4 e5+ 34. Ke3 axb4 35. Rxb4 Rc3+ 36. Kd2 Ra3 37. Bd1 f5 38. Kc1 Ra1+ 39. Kd2 Nc5 40. Bc2 Kd6 41. Kc3 e4 42. Kd4 Ra3 0-1

[Event "WSTCC-65 2020"]
[Site "Prague"]
[Date "2020.03.10"]
[Round "5.30"]
[White "Wahlbom, Magnus"]
[Black "Scrimgour, Alan"]
[Result "1/2-1/2"]
[ECO "B47"]
[WhiteElo "2176"]
[BlackElo "2059"]
[Annotator "ChessBase"]
[PlyCount "46"]
[EventDate "2020.03.06"]
[EventType "team-tourn"]
[EventCountry "CZE"]
[SourceTitle "playchess.com"]
[Source "ChessBase"]
[SourceQuality "1"]
[TimeControl "40/5400+30:1800+30"]

1. e4 c5 2. Nf3 e6 3. d4 cxd4 4. Nxd4 Nc6 5. Nc3 Qc7 6. Be2 a6 7. O-O Nf6 8. Be3 Be7 9. f4 d6 10. a4 O-O 11. Kh1 Bd7 12. Nb3 b6 13. Bf3 Rac8 14. Qe2 Nb4 15. Qf2 Rb8 16. Nd4 e5 17. Nb3 Bc6 18. Rfd1 Qb7 19. Rd2 Nxe4 20. Nxe4 Bxe4 21. Bxe4 Qxe4 22. fxe5 dxe5 23. Bxb6 Qc6 1/2-1/2

[Event "WSTCC-65 2020"]
[Site "Prague"]
[Date "2020.03.10"]
[Round "5.31"]
[White "Levy, David N L"]
[Black "Hammar, Bengt"]
[Result "1/2-1/2"]
[ECO "B26"]
[WhiteElo "2310"]
[BlackElo "2142"]
[Annotator "ChessBase"]
[PlyCount "62"]
[EventDate "2020.03.06"]
[EventType "team-tourn"]
[EventCountry "CZE"]
[SourceTitle "playchess.com"]
[Source "ChessBase"]
[SourceQuality "1"]
[TimeControl "40/5400+30:1800+30"]

1. e4 c5 2. Nc3 d6 3. g3 Nc6 4. d3 g6 5. Bg2 Bg7 6. Be3 e6 7. Qd2 Bd7 8. Nge2 Nd4 9. Nd1 Ne7 10. Nxd4 cxd4 11. Bh6 O-O 12. Bxg7 Kxg7 13. O-O e5 14. f4 f6 15. Nf2 Rc8 16. Rac1 Qb6 17. c4 a5 18. b3 Qb4 19. Qe2 b5 20. h4 a4 21. Rb1 axb3 22. Rxb3 Qa4 23. cxb5 Bxb5 24. Rfb1 Ba6 25. f5 Rc3 26. fxg6 hxg6 27. Bh3 Rxb3 28. Rxb3 Qc6 29. Qb2 Bc8 30. Rb6 Qc7 31. Bxc8 Rxc8 1/2-1/2

[Event "WSTCC-65 2020"]
[Site "Prague"]
[Date "2020.03.10"]
[Round "5.32"]
[White "Malmdin, Nils-Ake"]
[Black "McKerracher, Douglas"]
[Result "1-0"]
[ECO "A04"]
[WhiteElo "2168"]
[BlackElo "1852"]
[Annotator "ChessBase"]
[PlyCount "87"]
[EventDate "2020.03.06"]
[EventType "team-tourn"]
[EventCountry "CZE"]
[SourceTitle "playchess.com"]
[Source "ChessBase"]
[SourceQuality "1"]
[TimeControl "40/5400+30:1800+30"]

1. Nf3 f5 2. d3 d5 3. c4 e6 4. cxd5 exd5 5. g3 Nf6 6. Bg2 c6 7. O-O Be7 8. Nc3 O-O 9. Qc2 Na6 10. a3 Nc7 11. Bf4 Bd6 12. Bxd6 Qxd6 13. Na4 f4 14. Qc5 Qxc5 15. Nxc5 fxg3 16. hxg3 Ne6 17. Rac1 Nxc5 18. Rxc5 Bg4 19. Nd4 Rae8 20. e3 Bd7 21. b4 a6 22. a4 g6 23. b5 axb5 24. axb5 b6 25. Rxc6 Bxc6 26. bxc6 Re7 27. Rb1 Rb8 28. Rb5 Kf7 29. Bxd5+ Nxd5 30. Rxd5 Rc7 31. Rb5 Ke7 32. e4 Rd8 33. Rb4 Rb8 34. f4 Rd8 35. Kf2 Kf6 36. Ke3 Rb8 37. Rb5 Kf7 38. e5 h5 39. Ke4 Ke7 40. Rb4 Kf7 41. Rc4 Rbc8 42. Nb5 Rxc6 43. Nd6+ Rxd6 44. Rxc8 1-0

[Event "WSTCC-65 2020"]
[Site "Prague"]
[Date "2020.03.10"]
[Round "5.34"]
[White "Beltz, Robert"]
[Black "Trojan, Lubos"]
[Result "1/2-1/2"]
[ECO "E08"]
[WhiteElo "2158"]
[BlackElo "1928"]
[Annotator "ChessBase"]
[PlyCount "68"]
[EventDate "2020.03.06"]
[EventType "team-tourn"]
[EventCountry "CZE"]
[SourceTitle "playchess.com"]
[Source "ChessBase"]
[SourceQuality "1"]
[TimeControl "40/5400+30:1800+30"]

1. d4 Nf6 2. c4 e6 3. Nf3 d5 4. g3 Be7 5. Bg2 O-O 6. Qc2 Nbd7 7. O-O b6 8. Rd1 Bb7 9. Ne5 c5 10. Nc3 Rc8 11. Nxd7 Qxd7 12. dxc5 Rxc5 13. cxd5 exd5 14. Qd3 Rd8 15. Bg5 d4 16. Bxf6 Bxf6 17. Bxb7 Qxb7 18. Ne4 Rc6 19. Rac1 Be7 20. Rxc6 Qxc6 21. e3 f5 22. Qb3+ Kf8 23. Nd2 dxe3 24. fxe3 a5 25. Nf1 Rxd1 26. Qxd1 Qe6 27. b3 Kf7 28. Qh5+ Qg6 29. Qf3 Qf6 30. Qh5+ Qg6 31. Qd1 Qe6 32. Qh5+ Qg6 33. Qe2 Qe6 34. Qh5+ Kg8 1/2-1/2

[Event "WSTCC-65 2020"]
[Site "Prague"]
[Date "2020.03.10"]
[Round "5.36"]
[White "Walther, Hans-Wolfgang"]
[Black "Vesely, Emanuel"]
[Result "1-0"]
[ECO "D78"]
[WhiteElo "2111"]
[BlackElo "1779"]
[Annotator "ChessBase"]
[PlyCount "55"]
[EventDate "2020.03.06"]
[EventType "team-tourn"]
[EventCountry "CZE"]
[SourceTitle "playchess.com"]
[Source "ChessBase"]
[SourceQuality "1"]
[TimeControl "40/5400+30:1800+30"]

1. d4 Nf6 2. Nf3 g6 3. g3 Bg7 4. Bg2 O-O 5. O-O d5 6. c4 c6 7. Nbd2 Bf5 8. Qb3 Qb6 9. c5 Qxb3 10. Nxb3 a5 11. a4 Bc2 12. Ra3 Nbd7 13. Bf4 Nh5 14. Bd2 e5 15. Nxa5 exd4 16. b4 f5 17. Rfa1 Be4 18. Nxb7 Rfb8 19. Na5 d3 20. Re1 dxe2 21. Nxc6 Re8 22. Rxe2 Bb2 23. Ra2 Bf6 24. Nfd4 Bxd4 25. Nxd4 Ne5 26. Bc3 Bxg2 27. Kxg2 f4 28. Nf3 1-0

[Event "WSTCC-65 2020"]
[Site "Prague"]
[Date "2020.03.10"]
[Round "5.37"]
[White "Jimenez Molina, Juan Leon"]
[Black "Sejkora, Vlastimil"]
[Result "1/2-1/2"]
[ECO "A15"]
[WhiteElo "2174"]
[BlackElo "2149"]
[Annotator "ChessBase"]
[PlyCount "72"]
[EventDate "2020.03.06"]
[EventType "team-tourn"]
[EventCountry "CZE"]
[SourceTitle "playchess.com"]
[Source "ChessBase"]
[SourceQuality "1"]
[TimeControl "40/5400+30:1800+30"]

1. c4 Nf6 2. g3 g6 3. Bg2 Bg7 4. Nc3 d6 5. b3 e5 6. Bb2 c6 7. e4 O-O 8. Nge2 Na6 9. O-O Nc5 10. d4 exd4 11. Nxd4 Re8 12. Qc2 a5 13. Rad1 Bg4 14. f3 Bc8 15. Nde2 Qb6 16. Kh1 a4 17. Nc1 axb3 18. axb3 Qc7 19. N3e2 Be6 20. Bd4 Nh5 21. g4 Bxd4 22. Rxd4 Ng7 23. Rfd1 f5 24. exf5 gxf5 25. h3 Rad8 26. Qd2 Bf7 27. Nf4 Nce6 28. Nxe6 Rxe6 29. Ne2 Qe7 30. Nc3 Re3 31. gxf5 Nxf5 32. Rg4+ Bg6 33. b4 Qe5 34. Ne4 d5 35. cxd5 cxd5 36. Rg5 d4 1/2-1/2

[Event "WSTCC-65 2020"]
[Site "Prague"]
[Date "2020.03.10"]
[Round "5.39"]
[White "Rovira Mas, Jorge"]
[Black "Mlynek, Petr"]
[Result "1/2-1/2"]
[ECO "A06"]
[WhiteElo "2196"]
[BlackElo "2053"]
[Annotator "ChessBase"]
[PlyCount "44"]
[EventDate "2020.03.06"]
[EventType "team-tourn"]
[EventCountry "CZE"]
[SourceTitle "playchess.com"]
[Source "ChessBase"]
[SourceQuality "1"]
[TimeControl "40/5400+30:1800+30"]

1. Nf3 d5 2. b3 Bf5 3. Bb2 e6 4. d3 h6 5. c4 Nf6 6. g3 Be7 7. Bg2 O-O 8. O-O Nbd7 9. Nbd2 a5 10. a3 c6 11. Qc2 Bh7 12. Ne5 Nxe5 13. Bxe5 Nd7 14. Bc3 Bf6 15. Bxf6 Qxf6 16. Rab1 Rfc8 17. Qb2 b5 18. Qxf6 Nxf6 19. Rbc1 bxc4 20. bxc4 Rab8 21. Rb1 Nd7 22. f4 Kf8 1/2-1/2

[Event "WSTCC-65 2020"]
[Site "Prague"]
[Date "2020.03.10"]
[Round "5.40"]
[White "Fencl, Vaclav"]
[Black "Araya Umana, Carlos"]
[Result "1-0"]
[ECO "A48"]
[WhiteElo "1857"]
[BlackElo "1914"]
[Annotator "ChessBase"]
[PlyCount "65"]
[EventDate "2020.03.06"]
[EventType "team-tourn"]
[EventCountry "CZE"]
[SourceTitle "playchess.com"]
[Source "ChessBase"]
[SourceQuality "1"]
[TimeControl "40/5400+30:1800+30"]

1. d4 Nf6 2. Nf3 g6 3. Bg5 Bg7 4. e3 O-O 5. Bd3 c5 6. O-O b6 7. Nbd2 Bb7 8. c3 d6 9. Re1 Nbd7 10. e4 e5 11. d5 h6 12. Bh4 g5 13. Bg3 Nh5 14. Nxe5 Nxg3 15. Nxd7 Qxd7 16. hxg3 Be5 17. Qh5 Kg7 18. Nc4 Rae8 19. Ne3 Rh8 20. Nf5+ Kf8 21. Qe2 Ra8 22. Qg4 Qd8 23. f4 h5 24. Qf3 Bf6 25. Rf1 g4 26. Qe2 Bc8 27. e5 Bxf5 28. Bxf5 Bg7 29. e6 Qe7 30. Rae1 Re8 31. Qd3 Bf6 32. exf7 Qxe1 33. Rxe1 1-0

[Event "WSTCC-65 2020"]
[Site "Prague"]
[Date "2020.03.10"]
[Round "5.41"]
[White "Pribyl, Josef"]
[Black "Watzka, Horst"]
[Result "1/2-1/2"]
[ECO "A02"]
[WhiteElo "2225"]
[BlackElo "2166"]
[Annotator "ChessBase"]
[PlyCount "22"]
[EventDate "2020.03.06"]
[EventType "team-tourn"]
[EventCountry "CZE"]
[SourceTitle "playchess.com"]
[Source "ChessBase"]
[SourceQuality "1"]
[TimeControl "40/5400+30:1800+30"]

1. f4 c5 2. Nf3 Nc6 3. b3 d6 4. Bb2 Nf6 5. e3 g6 6. d4 cxd4 7. exd4 Bg7 8. Nc3 O-O 9. Be2 Bf5 10. O-O Rc8 11. a3 a6 1/2-1/2

[Event "WSTCC-65 2020"]
[Site "Prague"]
[Date "2020.03.10"]
[Round "5.43"]
[White "Michenka, Jozef"]
[Black "Pitzl, Konstantinos"]
[Result "1-0"]
[ECO "E70"]
[WhiteElo "2291"]
[BlackElo "2023"]
[Annotator "ChessBase"]
[PlyCount "87"]
[EventDate "2020.03.06"]
[EventType "team-tourn"]
[EventCountry "CZE"]
[SourceTitle "playchess.com"]
[Source "ChessBase"]
[SourceQuality "1"]
[TimeControl "40/5400+30:1800+30"]

1. d4 Nf6 2. c4 g6 3. Nc3 Bg7 4. e4 d6 5. Bd3 O-O 6. Nge2 e5 7. d5 a5 8. O-O Na6 9. h3 Nd7 10. Be3 f5 11. exf5 gxf5 12. f4 Nac5 13. Bc2 e4 14. Bd4 Nf6 15. Qd2 b6 16. Nd1 Qe8 17. Ne3 Qg6 18. b3 Bd7 19. a3 a4 20. b4 Nd3 21. Bxd3 exd3 22. Qxd3 Rae8 23. Rf3 Ne4 24. Kh2 Rf7 25. Rg1 h5 26. g3 Qh7 27. Ng2 Rfe7 28. Bxg7 Rxg7 29. Nh4 Rge7 30. Nd4 Kf7 31. Rg2 Kf6 32. Re2 Kf7 33. Rfe3 Kg8 34. Qc2 Qf7 35. Qb2 Kh7 36. Ndf3 Qg7 37. Ng5+ Kg8 38. Qxg7+ Kxg7 39. Ne6+ Bxe6 40. dxe6 Kf6 41. Nxf5 Rxe6 42. Nd4 R6e7 43. Nc6 Re6 44. f5 1-0

[Event "WSTCC-65 2020"]
[Site "Prague"]
[Date "2020.03.10"]
[Round "5.45"]
[White "Gurtovoi, Borys"]
[Black "Holst, Per"]
[Result "1/2-1/2"]
[ECO "A13"]
[WhiteElo "1704"]
[BlackElo "2152"]
[Annotator "ChessBase"]
[PlyCount "88"]
[EventDate "2020.03.06"]
[EventType "team-tourn"]
[EventCountry "CZE"]
[SourceTitle "playchess.com"]
[Source "ChessBase"]
[SourceQuality "1"]
[TimeControl "40/5400+30:1800+30"]

1. Nf3 e6 2. g3 d5 3. c4 Nf6 4. Bg2 c5 5. O-O Nc6 6. cxd5 Nxd5 7. d4 Nf6 8. dxc5 Qxd1 9. Rxd1 Bxc5 10. Nc3 O-O 11. Na4 Be7 12. Bf4 Nd5 13. e4 Nxf4 14. gxf4 Rd8 15. a3 Bd7 16. Nc3 Be8 17. b4 b6 18. e5 Rxd1+ 19. Rxd1 Rd8 20. Rxd8 Nxd8 21. Nd4 a5 22. bxa5 bxa5 23. Ndb5 Kf8 24. Kf1 Nc6 25. Ke2 f6 26. Nc7 Nd8 27. Nxe8 Kxe8 28. a4 Nf7 29. exf6 gxf6 30. Nb5 Bc5 31. Be4 f5 32. Bd3 Kd7 33. Bc4 Nh8 34. Kf3 Ng6 35. Nc3 Ne7 36. Nd1 Kd6 37. Ne3 Nc6 38. Kg3 Bd4 39. Nc2 Bf6 40. Kf3 Ne7 41. Ne3 Bd4 42. Ke2 Ng8 43. Nxf5+ exf5 44. Bxg8 h6 1/2-1/2

[Event "WSTCC-65 2020"]
[Site "Prague"]
[Date "2020.03.10"]
[Round "5.46"]
[White "Christiansen, Jens Jorgen"]
[Black "Dovzhenko, Viktor"]
[Result "0-1"]
[ECO "B06"]
[WhiteElo "2042"]
[BlackElo "2069"]
[Annotator "ChessBase"]
[PlyCount "78"]
[EventDate "2020.03.06"]
[EventType "team-tourn"]
[EventCountry "CZE"]
[SourceTitle "playchess.com"]
[Source "ChessBase"]
[SourceQuality "1"]
[TimeControl "40/5400+30:1800+30"]

1. d4 g6 2. Nf3 Bg7 3. e4 d6 4. Nc3 a6 5. Bc4 b5 6. Bb3 e6 7. Bg5 Ne7 8. a4 b4 9. Ne2 Bb7 10. Ng3 Nd7 11. a5 O-O 12. Qd2 c5 13. c3 bxc3 14. bxc3 cxd4 15. cxd4 Nf6 16. Qe3 d5 17. e5 Ne4 18. Nxe4 dxe4 19. Nd2 h6 20. Bxe7 Qxe7 21. O-O Rfd8 22. Nc4 Qb4 23. Ra4 Qe7 24. Nb6 Rab8 25. Rc1 Bxe5 26. dxe5 Rd3 27. Qxh6 Rxb3 28. Rac4 Rd8 29. h4 e3 30. fxe3 Qa3 31. Qg5 Rbd3 32. e4 Qxa5 33. Nc8 Rd1+ 34. Rxd1 Rxd1+ 35. Kh2 Qe1 36. Ne7+ Kh7 37. Qg4 Qg1+ 38. Kg3 Rd3+ 39. Kf4 Qe3# 0-1

[Event "WSTCC-65 2020"]
[Site "Prague"]
[Date "2020.03.10"]
[Round "5.47"]
[White "Chubar, Vladimir"]
[Black "Christiansen, Arne"]
[Result "1/2-1/2"]
[ECO "D02"]
[WhiteElo "1991"]
[BlackElo "2016"]
[Annotator "ChessBase"]
[PlyCount "44"]
[EventDate "2020.03.06"]
[EventType "team-tourn"]
[EventCountry "CZE"]
[SourceTitle "playchess.com"]
[Source "ChessBase"]
[SourceQuality "1"]
[TimeControl "40/5400+30:1800+30"]

1. Nf3 Nf6 2. d4 d5 3. Bf4 c5 4. e3 Nc6 5. Nbd2 e6 6. c3 Be7 7. h3 O-O 8. Bd3 Qb6 9. Rb1 cxd4 10. exd4 Bd7 11. O-O Rac8 12. Re1 Rfd8 13. Bg5 Qc7 14. Ne5 a6 15. Ndf3 Be8 16. a3 Na5 17. b4 Nc4 18. Nxc4 dxc4 19. Bc2 Nd5 20. Qd2 Bxg5 21. Nxg5 h6 22. Nf3 Qf4 1/2-1/2

[Event "WSTCC-65 2020"]
[Site "Prague"]
[Date "2020.03.10"]
[Round "5.48"]
[White "Jorgensen, Brian Jorgen"]
[Black "Karnaukh, Anatolij"]
[Result "1-0"]
[ECO "A08"]
[WhiteElo "2217"]
[BlackElo "2087"]
[Annotator "ChessBase"]
[PlyCount "91"]
[EventDate "2020.03.06"]
[EventType "team-tourn"]
[EventCountry "CZE"]
[SourceTitle "playchess.com"]
[Source "ChessBase"]
[SourceQuality "1"]
[TimeControl "40/5400+30:1800+30"]

1. Nf3 d5 2. g3 c5 3. Bg2 Nc6 4. d4 cxd4 5. Nxd4 e5 6. Nxc6 bxc6 7. c4 Nf6 8. O-O Be6 9. Nc3 Qd7 10. Qa4 Rc8 11. cxd5 cxd5 12. Qxd7+ Kxd7 13. Rd1 Bc5 14. h3 d4 15. Na4 Bd6 16. e3 Bf5 17. exd4 Bc2 18. Rd2 exd4 19. Rxd4 Bxa4 20. Rxa4 Rc7 21. Be3 Rb8 22. b3 Rb5 23. Rxa7 Rxa7 24. Bxa7 Nd5 25. Bxd5 Rxd5 26. Be3 Kc6 27. Rc1+ Kb5 28. Kg2 f5 29. Rc4 Ba3 30. h4 h5 31. Kf3 Rd6 32. Kf4 g6 33. Rc8 Ra6 34. Kf3 Bd6 35. Rc2 Ba3 36. Bd4 Bd6 37. Re2 Bc7 38. Re7 Rc6 39. a3 f4 40. gxf4 Rc1 41. Rg7 Bd6 42. b4 Rd1 43. Be3 Rh1 44. Rxg6 Be7 45. Re6 Bxh4 46. Re5+ 1-0

[Event "WSTCC-65 2020"]
[Site "Prague"]
[Date "2020.03.11"]
[Round "6.8"]
[White "Gruzmann, Boris"]
[Black "Zhelnin, Vladimir V"]
[Result "1/2-1/2"]
[ECO "B06"]
[WhiteElo "2206"]
[BlackElo "2404"]
[Annotator "RC"]
[PlyCount "81"]
[EventDate "2020.03.06"]
[EventType "team-tourn"]
[EventCountry "CZE"]
[SourceTitle "playchess.com"]
[Source "ChessBase"]
[SourceQuality "1"]
[TimeControl "40/5400+30:1800+30"]

1. e4 g6 2. d4 Bg7 3. Nc3 d5 4. Nge2 dxe4 5. Nxe4 Nd7 6. N2c3 Ndf6 7. Nxf6+ Nxf6 8. Be2 c6 9. O-O O-O 10. Be3 Bf5 11. h3 Qd7 12. Qd2 Rad8 13. Rfd1 Rfe8 14. Bf3 Qc7 15. Qe2 h5 16. Rd2 Rd7 17. g4 hxg4 18. hxg4 Be6 19. g5 Nd5 20. Nxd5 Bxd5 21. c4 Bxf3 22. Qxf3 Red8 23. Rad1 Qa5 24. b3 e6 25. Qe4 a6 26. Kg2 Qf5 27. Qxf5 gxf5 28. f4 Kh7 29. d5 cxd5 30. Bb6 Rc8 31. cxd5 exd5 32. Rxd5 Rc2+ 33. Kf3 Rxd5 34. Rxd5 Rxa2 35. Bc5 Rc2 36. b4 Kg6 37. Rd7 a5 38. Rxb7 axb4 39. Bxb4 Rb2 40. Rb6+ Kh5 41. Bc5 1/2-1/2

[Event "WSTCC-65 2020"]
[Site "Prague"]
[Date "2020.03.11"]
[Round "6.19"]
[White "Schoeneberg, Manfred"]
[Black "Mlynek, Petr"]
[Result "1/2-1/2"]
[ECO "B17"]
[WhiteElo "2144"]
[BlackElo "2053"]
[Annotator "ChessBase"]
[PlyCount "28"]
[EventDate "2020.03.06"]
[EventType "team-tourn"]
[EventCountry "CZE"]
[SourceTitle "playchess.com"]
[Source "ChessBase"]
[SourceQuality "1"]
[TimeControl "40/5400+30:1800+30"]

1. e4 c6 2. d4 d5 3. Nc3 dxe4 4. Nxe4 Nd7 5. Nf3 Ngf6 6. Ng3 e6 7. Bd3 c5 8. O-O cxd4 9. Nxd4 Bc5 10. Nb3 Bb6 11. Qe2 O-O 12. Be3 Bxe3 13. Qxe3 b6 14. Rad1 Qc7 1/2-1/2

[Event "WSTCC-65 2020"]
[Site "Prague"]
[Date "2020.03.11"]
[Round "6.20"]
[White "Fencl, Vaclav"]
[Black "Heinsohn, Guenther"]
[Result "0-1"]
[ECO "E77"]
[WhiteElo "1857"]
[BlackElo "2157"]
[Annotator "ChessBase"]
[PlyCount "116"]
[EventDate "2020.03.06"]
[EventType "team-tourn"]
[EventCountry "CZE"]
[SourceTitle "playchess.com"]
[Source "ChessBase"]
[SourceQuality "1"]
[TimeControl "40/5400+30:1800+30"]

1. d4 Nf6 2. c4 g6 3. Nc3 Bg7 4. e4 d6 5. f4 O-O 6. Nf3 c5 7. d5 e6 8. Be2 exd5 9. exd5 Re8 10. O-O Bf5 11. h3 Ne4 12. Nxe4 Bxe4 13. Ng5 Nd7 14. Nxe4 Rxe4 15. Bd3 Re8 16. Qc2 f5 17. Bd2 Nf6 18. Rae1 Qd7 19. Bc3 Nh5 20. Bxg7 Qxg7 21. Qf2 Qf6 22. b3 Qc3 23. Re3 Rxe3 24. Qxe3 Ng7 25. Rc1 Qb2 26. Rc2 Qa1+ 27. Bf1 Re8 28. Qf2 Nh5 29. g4 fxg4 30. hxg4 Nf6 31. Re2 Rxe2 32. Qxe2 Qd4+ 33. Qf2 Qxf2+ 34. Kxf2 Nxg4+ 35. Ke2 Kg7 36. Bh3 Nh6 37. Kf3 Kf6 38. Ke4 Nf7 39. Be6 h6 40. Kf3 Nd8 41. Bc8 b6 42. Kg4 a5 43. Bd7 Nf7 44. Be6 h5+ 45. Kh4 Nh6 46. Kg3 Nf5+ 47. Kf2 g5 48. fxg5+ Kxg5 49. Bf7 Nd4 50. Bg8 Kf4 51. Bh7 b5 52. Bd3 b4 53. Bg6 h4 54. Bd3 Nf3 55. Bg6 Ne5 56. Bc2 Ng4+ 57. Kg1 Kg3 58. Bf5 Nf2 0-1

[Event "WSTCC-65 2020"]
[Site "Prague"]
[Date "2020.03.11"]
[Round "6.23"]
[White "Hammar, Bengt"]
[Black "Baumbach, Friedrich"]
[Result "1/2-1/2"]
[ECO "B37"]
[WhiteElo "2142"]
[BlackElo "2130"]
[Annotator "ChessBase"]
[PlyCount "58"]
[EventDate "2020.03.06"]
[EventType "team-tourn"]
[EventCountry "CZE"]
[SourceTitle "playchess.com"]
[Source "ChessBase"]
[SourceQuality "1"]
[TimeControl "40/5400+30:1800+30"]

1. e4 c5 2. Nf3 Nc6 3. d4 cxd4 4. Nxd4 g6 5. c4 Bg7 6. Nc2 Nf6 7. Nc3 d6 8. Be2 O-O 9. Be3 Be6 10. f3 Rc8 11. Qd2 Nd7 12. Rb1 a6 13. Nd5 Nce5 14. Na3 f5 15. Nf4 Bf7 16. exf5 gxf5 17. O-O Nf6 18. b3 Qc7 19. Rbc1 Rfd8 20. Nd5 Bxd5 21. cxd5 Qd7 22. Bb6 Rxc1 23. Rxc1 Rc8 24. Rxc8+ Qxc8 25. Nc4 Ned7 26. Bf2 b5 27. Na5 Qc7 28. a4 bxa4 29. bxa4 Nb6 1/2-1/2